 Dungeon Crawl Stone Soup version 0.31-a0-740-g87205ac768 (webtiles) character file.

Game seed: 7966308075752285525

1147 CowFu the Ruffian (level 8, -3/68 HPs)
             Began as a Black Draconian Shapeshifter on Sept 12, 2023.
             Was an Elder of Jiyva.
             Slain by a two-headed ogre
             ... wielding a +0 giant spiked club
              (12 damage)
             ... on level 6 of the Dungeon.
             The game lasted 00:06:02 (3791 turns).

CowFu the Ruffian (Black Draconian Shapeshifter)    Turns: 3791, Time: 00:06:02

Health: -3/68      AC:  6    Str: 15    XL:     8   Next: 15%
Magic:  17/17      EV: 13    Int: 19    God:    Jiyva [****..]
Gold:   167        SH:  0    Dex: 10    Spells: 7/7 levels left

rFire   . .          .
                       - Unarmed
rCold   . . .        (no shield)
rNeg    . . .        (body armour unavailable)
rPois   +            (helmet currently unavailable)
rElec   +            (cloak currently unavailable)
rCorr   +            (gloves currently unavailable)
SInv    .            (boots currently unavailable)
Will    .....        (no amulet)
Stlth   +            f - ring of magical power
HPRegen 1.59/turn    (no ring)
MPRegen 0.55/turn

%: no passive effects
@: beast-form
A: beast (slay +3), breathe lightning, AC +6, unfitting armour, electricity
resistance, cold-blooded, clever 2, poison resistance, jelly sensing items
a: Breathe Lightning, Begin Untransformation, Renounce Religion, Oozemancy,
Slimify


You were on level 6 of the Dungeon.
You worshipped Jiyva.
Jiyva was greatly pleased with you.
You were a hulking beast.
You visited 1 branch of the dungeon, and saw 6 of its levels.
You also visited: Ossuary.

You collected 239 gold pieces.
You spent 72 gold pieces at shops.

Inventory:

Missiles
 n - a throwing net
Armour
 d - a +0 pair of gloves
Jewellery
 f - a ring of magical power (left hand)
Talismans
 b - a beast talisman (active)
 c - a flux talisman
Scrolls
 e - 2 scrolls of enchant weapon {unknown}
 g - 2 scrolls of fog {unknown}
 h - a scroll of acquirement {unknown}
 i - a scroll of vulnerability {unknown}
 j - a scroll of revelation {unknown}
 m - a scroll of teleportation {unknown}
 t - 5 scrolls of poison {unknown}
 v - a scroll of fear {unknown}
Potions
 a - 2 potions of lignification
 k - 4 potions of invisibility
 l - a potion of attraction
 o - a potion of curing
 p - a potion of magic {unknown}
 r - a potion of might
 s - a potion of resistance
 u - 2 potions of mutation


   Skills:
 + Level 5.2 Fighting
 + Level 4.7 Dodging
 + Level 5.6 Unarmed Combat
 + Level 5.3 Shapeshifting


You had 7 spell levels left.
You didn't know any spells.
Your spell library was empty.

Dungeon Overview and Level Annotations

Branches:
Dungeon (6/15)            Ossuary (visited)
 Temple: D:4-7

Altars:
Cheibriados
Makhleb
Xom
Jiyva

Shops:
D:2 ?


Innate Abilities, Weirdness & Mutations

You are a hulking beast.
Your limbs bulge with bestial killing power. (Slay +3)
You can breathe wild blasts of lightning.
Your glossy black scales are hard. (AC +6)
You cannot fit into any form of body armour.
You are resistant to electric shocks. (rElec)
You are cold-blooded and may be slowed by cold attacks.
Your mind is very acute. (Int +8, Str/Dex -2)
Your system is resistant to poisons. (rPois)
You have a small jelly attached to you that senses nearby items.


Message History

You hit the two-headed ogre.
The two-headed ogre is severely wounded.
The two-headed ogre closely misses you. The two-headed ogre barely misses you.
You barely miss the two-headed ogre.
The two-headed ogre is severely wounded.
You flicker for a moment.
The two-headed ogre hits you with a +0 giant spiked club!
The two-headed ogre hits you with a +0 giant club!
You hit the two-headed ogre.
The two-headed ogre is severely wounded.
The bullfrog completely misses you.
You barely miss the two-headed ogre.
The two-headed ogre is severely wounded.
The bullfrog misses you. The two-headed ogre closely misses you.
The two-headed ogre misses you.
You hit the two-headed ogre but do no damage.
The two-headed ogre is severely wounded.
The bullfrog closely misses you.
You catch the helpless two-headed ogre completely off-guard!
You hit the two-headed ogre. You tail-slap the two-headed ogre.
The two-headed ogre is almost dead.
The bullfrog hits you. x2
You hit the two-headed ogre.
The two-headed ogre is almost dead.
The bullfrog hits you.
* * * LOW HITPOINT WARNING * * *
The two-headed ogre barely misses you. The two-headed ogre closely misses you.
You barely miss the two-headed ogre.
Your tail-slap misses the two-headed ogre.
The two-headed ogre is almost dead.
The bullfrog hits you.
* * * LOW HITPOINT WARNING * * *
You hit the two-headed ogre.
The two-headed ogre is almost dead.
You flicker back into view.
The bullfrog barely misses you.
The two-headed ogre hits you with a +0 giant spiked club!
* * * LOW HITPOINT WARNING * * *
The two-headed ogre hits you with a +0 giant club!
You die...

#. #.##
..### #..$
∆∆∆ #..##
##...#
#.O..#
##.h..#
#.F..<#
.......).#
....##.####
..# #.. .
#..# #.# #.


You could see a two-headed ogre and a bullfrog.

Vanquished Creatures
  Grinder (D:3)
  A water moccasin (D:5)
  A black bear (D:5)
  A phantom (D:3)
  A scorpion (D:4)
  A centaur zombie (Ossuary)
  An orc priest (D:3)
  A hound (D:4)
  A gnoll bouda (D:5)
  4 iguanas
  A sleepcap (D:5)
  Natasha (twice) (D:4)
  6 mummies (Ossuary)
  8 gnolls (D:5)
  3 adders
  A shadow imp (D:5)
  A white imp (D:5)
  A worm (D:3)
  8 orcs
  6 ball pythons
  8 bats
  An endoplasm (D:2)
  2 giant cockroaches (D:1)
  4 gnoll zombies (Ossuary)
  4 goblins
  6 hobgoblins
  14 jackals
  9 quokkas
  7 frilled lizards
  A hobgoblin zombie (Ossuary)
  3 kobolds (D:1)
  7 rats
116 creatures vanquished.

Vanquished Creatures (others)
  A phantom (D:5)
  A howler monkey (D:5)
  2 jellies (D:5)
  An orc priest (D:3)
  An orc wizard (D:3)
  An iguana (D:5)
  Ijyb (D:3)
  Natasha (D:4)
  A worm (D:5)
  A dart slug (D:4)
  3 orcs
  2 bats (D:3)
  2 endoplasms (D:3)
  2 giant cockroaches
  8 goblins
  A hobgoblin (D:3)
  A jackal (D:5)
  A quokka (D:3)
  A frilled lizard (D:3)
  A hobgoblin zombie (Ossuary)
  2 kobolds
  A kobold zombie (Ossuary)
36 creatures vanquished.

Grand Total: 152 creatures vanquished

Notes
Turn   | Place    | Note
-------+----------+-------------------------------------------
     0 | D:1      | CowFu the Draconian Shapeshifter began the quest for the
                  | Orb.
     0 | D:1      | Reached XP level 1. HP: 16/16 MP: 1/1
   186 | D:1      | Reached XP level 2. HP: 22/23 MP: 2/2
   513 | D:1      | Reached XP level 3. HP: 29/29 MP: 3/3
   916 | D:2      | Found a faded altar of an unknown god.
   932 | D:2      | Prayed at the altar of an unknown god.
   932 | D:2      | Became a worshipper of Jiyva Jipuyve the Shapeless
   932 | D:2      | Reached * piety under Jiyva
  1196 | D:2      | Found Loulitu's Magic Scroll Shoppe.
  1200 | D:2      | Bought a scroll of identify for 24 gold pieces
  1200 | D:2      | Bought a scroll of identify for 24 gold pieces
  1200 | D:2      | Bought a scroll of identify for 24 gold pieces
  1326 | D:3      | Noticed Grinder
  1337 | D:3      | Paralysed by Grinder for 2 turns
  1351 | D:3      | Killed Grinder
  1352 | D:3      | Reached XP level 4. HP: 16/38 MP: 4/4
  1352 | D:3      | Reached XP level 5. HP: 19/45 MP: 5/5
  1393 | D:3      | Reached XP level 6. HP: 51/51 MP: 6/6
  1486 | D:3      | Reached ** piety under Jiyva
  1489 | D:3      | Killed Ijyb
  2013 | D:4      | Noticed Natasha
  2021 | D:4      | Killed Natasha
  2103 | D:4      | Reached *** piety under Jiyva
  2377 | D:4      | Gained mutation: Your system is resistant to poisons.
                  | (rPois) [Jiyva's grace]
  2377 | D:4      | Gained mutation: You have a small jelly attached to you
                  | that senses nearby items. [Jiyva's grace]
  2377 | D:4      | Gained mutation: Your mind is acute. (Int +4, Str/Dex -1)
                  | [Jiyva's grace]
  2377 | D:4      | Gained mutation: Your mind is very acute. (Int +8, Str/Dex
                  | -2) [Jiyva's grace]
  2417 | D:4      | Noticed Natasha
  2431 | D:4      | Killed Natasha
  2432 | D:4      | Your scales start taking on a glossy black colour.
  2432 | D:4      | Reached XP level 7. HP: 37/59 MP: 7/7
  2432 | D:4      | Gained mutation: You are resistant to electric shocks.
                  | (rElec) [Black Draconian growth]
  2529 | D:4      | Killed Natasha
  2543 | D:4      | Found a burning altar of Makhleb.
  2845 | D:5      | Entered Level 5 of the Dungeon
  2847 | D:5      | Found a sand-covered staircase.
  2856 | Ossuary  | Entered an ossuary
  2915 | Ossuary  | Reached **** piety under Jiyva
  3018 | Ossuary  | Reached skill level 5 in Unarmed Combat
  3254 | D:5      | Reached skill level 5 in Shapeshifting
  3336 | D:5      | Found a shimmering altar of Xom.
  3441 | D:5      | Reached skill level 5 in Fighting
  3450 | D:5      | Reached XP level 8. HP: 67/68 MP: 8/8
  3725 | D:5      | Found a snail-covered altar of Cheibriados.
  3769 | D:6      | Noticed a two-headed ogre
  3791 | D:6      | Slain by a two-headed ogre

Illustrated notes

Levels and vault maps discovered:
D:1:      eino_arrival_cavern_d, layout_basic, nrook_campfire,
          minmay_misc_feat_ornament, st_stairs_12
D:2:      layout_loops_cross, ebering_ecumenical_altar_box, serial_shops,
          nicolae_shop_rolled_up, kennysheep_generic_room_13
D:3:      kennysheep_the_goblin_king, layout_rooms, minivault_23, minmay_vboxes,
          uniq_grinder
D:4:      layout_loops_corners, makhleb_blood_cavern_becter, uniq_ijyb,
          uniq_natasha
D:5:      layout_basic, nicolae_ossuary_entry_ruins, hangedman_feature_mirror
D:6:      layout_rooms, nicolae_wu_jian_glorious_leap, temple_pool_b

Skill      XL: |  1  2  3  4  5  6  7 |
---------------+----------------------+-----
Dodging        | 2 3 4 |  4.7
Fighting       | 3 4 5 |  5.2
Unarmed Combat | 4 5 |  5.6
Shapeshifting  | 4 5 |  5.3

Action                     |  1- 3 |  4- 6 |  7- 9 || total
---------------------------+-------+-------+-------++-------
  Melee: Unarmed           |   107 |   106 |   216 ||   429
         Tailslap          |     9 |    16 |    44 ||    69
         Punch             |     2 |     3 |    11 ||    16
    Use: Scroll            |     5 |       |     3 ||     8
         Potion            |     3 |       |     1 ||     4
   Stab: Invisible         |       |       |     3 ||     3
 Armour: Skin              |    58 |    86 |   117 ||   261
  Dodge: Dodged            |    59 |   108 |   107 ||   274

Table legend: (Time is in decaauts)
 A = Elapsed time spent in this place.
 B = Non-inter-level travel time spent in this place.
 C = Inter-level travel time spent in this place.
 D = Time resting spent in this place.
 E = Time spent auto-exploring this place.
 F = Levels seen in this place.
 G = Mean time per level.
                   A        B        C        D        E       F      G
               +--------+--------+--------+--------+--------+-----+--------+
         Total |   3762 |   3650 |    112 |      0 |   2750 |   7 |  537.4 |
       Dungeon |   3519 |   3407 |    112 |      0 |   2664 |   6 |  586.5 |
       Ossuary |    243 |    243 |      0 |      0 |     86 |   1 |  243.0 |
               +--------+--------+--------+--------+--------+-----+--------+

Top non-repeatable levels by time:
     D:4: 920 daAuts
     D:5: 662 daAuts
     D:3: 644 daAuts
     D:1: 637 daAuts
     D:2: 635 daAuts
 Ossuary: 243 daAuts
     D:6: 19 daAuts
